[ AOE2 MATCH · #481590988 ]
Team RMByzantines vs Huns
[ REPLAY ANALYSIS · EXTRACTED FROM THE RECORDED GAME ]
Feudal
12:38
Castle
16:58
Imperial
31:47
| APM avg | 20.3 |
| APM peak | 64 |
| eAPM avg | 11.1 |
| Villagers / military | 121 / 135 |
Focus
⚔️ 31.6% · 🌾 68.4%
Spearman ×92 · Skirmisher ×25 · Bombard Cannon ×11 · Trebuchet (Packed) ×6 · Monk ×1
Feudal
11:50
Castle
25:27
Imperial
—
| APM avg | 9.6 |
| APM peak | 35 |
| eAPM avg | 4.9 |
| Villagers / military | 64 / 94 |
Focus
⚔️ 36.1% · 🌾 63.9%
Militia ×31 · Archer ×30 · Knight ×19 · Organ Gun ×11 · Monk ×3
Feudal
11:08
Castle
16:25
Imperial
28:57
| APM avg | 18.9 |
| APM peak | 37 |
| eAPM avg | 11.6 |
| Villagers / military | 122 / 79 |
Focus
⚔️ 22.1% · 🌾 77.9%
Battle Elephant ×46 · Ballista Elephant ×22 · Monk ×6 · Trebuchet (Packed) ×3 · Cavalry Archer ×2
Feudal
13:02
Castle
21:40
Imperial
37:12
| APM avg | 8.8 |
| APM peak | 28 |
| eAPM avg | 6.2 |
| Villagers / military | 79 / 29 |
Focus
⚔️ 22.3% · 🌾 77.7%
Chu Ko Nu ×23 · Trebuchet (Packed) ×4 · Monk ×2 · Trade Cart ×1
Feudal
13:12
Castle
19:57
Imperial
36:20
| APM avg | 17.4 |
| APM peak | 49 |
| eAPM avg | 11.7 |
| Villagers / military | 86 / 109 |
Focus
⚔️ 18.5% · 🌾 81.5%
Knight ×67 · Leitis ×33 · Spearman ×5 · Monk ×2 · Trebuchet (Packed) ×2
Feudal
11:37
Castle
19:21
Imperial
—
| APM avg | 27.7 |
| APM peak | 113 |
| eAPM avg | 14.0 |
| Villagers / military | 156 / 187 |
Focus
⚔️ 17.2% · 🌾 82.8%
Tarkan ×125 · Knight ×52 · Monk ×10 · Trade Cart ×2
Match map
Initial resources + every placement click. Lines = walls · curves = elevation contours. ◆ gold · ⬟ stone · ● berries · ✦ relic · ◌ wall gap
Your base· ✓ Closed at 16:58 · 0t walls · 2 gate(s)
Lucius Cornelius Sulla's base· ✓ Closed at 25:27 · 0t walls · 2 gate(s)
Gneisenau HK's base· ✓ Closed at 16:25 · 0t walls · 3 gate(s)
Hardd's base· ✓ Closed at 21:40 · 0t walls · 2 gate(s)
MCGooser's base· ✓ Closed at 19:57 · 1t walls · 2 gate(s)
BOOSTED's base· ✓ Closed at 19:21 · 0t walls · 3 gate(s)
Smoothed initial terrain · ◌ = detected wall gap · hover for details
Inputs per minute
— Starman - - Lucius Cornelius Sulla
Build order — Starman
First 150 of 244 actions detected
| 0:02 | Build | House |
| 0:03 | Build | House |
| 0:05 | Create | Villager (Male) ×4 |
| 1:33 | Create | Villager (Male) |
| 1:48 | Build | Lumber Camp |
| 2:18 | Create | Villager (Male) ×2 |
| 3:08 | Create | Villager (Male) |
| 3:08 | Create | Villager (Male) |
| 3:08 | Create | Villager (Male) |
| 3:57 | Create | Villager (Male) |
| 4:03 | Build | House |
| 4:05 | Build | House |
| 4:10 | Create | Villager (Male) |
| 4:30 | Build | Mill |
| 4:45 | Create | Villager (Male) ×2 |
| 5:52 | Create | Villager (Male) ×3 |
| 6:01 | Build | House |
| 6:27 | Create | Villager (Male) ×2 |
| 6:32 | Build | Farm |
| 6:39 | Build | Farm |
| 6:48 | Build | Farm |
| 7:58 | Create | Villager (Male) ×5 |
| 8:13 | Build | Lumber Camp |
| 9:12 | Build | Mining Camp |
| 9:28 | Research | Loom |
| 9:29 | Research | Feudal Age |
| 10:03 | Build | Mining Camp |
| 10:47 | Create | Villager (Male) |
| 10:47 | Create | Villager (Male) |
| 12:23 | Build | House |
| 12:26 | Build | House |
| 12:33 | Build | Barracks |
| 12:38 | Age | Feudal Age |
| 12:48 | Create | Villager (Male) |
| 13:08 | Build | Blacksmith |
| 13:17 | Build | Market |
| 13:23 | Create | Villager (Male) |
| 13:44 | Build | Lumber Camp |
| 13:57 | Research | Castle Age |
| 14:03 | Build | Farm |
| 14:21 | Build | Outpost |
| 14:31 | Build | Farm |
| 14:53 | Build | Farm |
| 14:53 | Build | Farm |
| 15:27 | Build | Outpost |
| 15:34 | Build | Outpost |
| 15:39 | Build | Outpost |
| 15:43 | Build | Outpost |
| 16:05 | Build | Farm |
| 16:23 | Create | Villager (Male) |
| 16:24 | Create | Villager (Male) |
| 16:26 | Research | Double-Bit Axe |
| 16:29 | Research | Horse Collar |
| 16:32 | Research | Gold Mining |
| 16:58 | Age | Castle Age |
| 17:15 | Build | Lumber Camp |
| 17:17 | Create | Villager (Male) |
| 17:59 | Build | Farm |
| 18:05 | Research | Bow Saw |
| 18:08 | Research | Heavy Plow |
| 18:14 | Research | Stone Mining |
| 18:38 | Research | Gold Shaft Mining |
| 18:57 | Build | House |
| 18:58 | Build | House |
| 18:59 | Build | House |
| 19:12 | Create | Villager (Male) |
| 19:13 | Create | Villager (Male) |
| 19:52 | Build | Farm |
| 20:33 | Build | Castle |
| 20:48 | Build | Mining Camp |
| 20:53 | Research | Wheelbarrow |
| 20:55 | Create | Villager (Male) ×2 |
| 21:09 | Build | Farm |
| 21:37 | Create | Villager (Male) ×5 |
| 21:45 | Build | Town Center |
| 21:56 | Build | Town Center |
| 22:14 | Build | Mining Camp |
| 22:23 | Create | Villager (Male) |
| 22:43 | Build | Monastery |
| 22:47 | Build | University |
| 23:39 | Research | Hand Cart |
| 24:08 | Create | Monk |
| 24:40 | Create | Villager (Male) |
| 24:41 | Create | Villager (Male) |
| 24:41 | Create | Villager (Male) |
| 24:42 | Create | Villager (Male) ×5 |
| 24:45 | Build | Farm |
| 24:45 | Build | Farm |
| 24:46 | Build | Farm |
| 24:46 | Build | Farm |
| 25:04 | Build | Town Center |
| 25:07 | Create | Villager (Male) ×2 |
| 25:12 | Build | Farm |
| 25:26 | Build | House |
| 25:31 | Build | House |
| 25:58 | Research | Pikeman (upgrade) |
| 26:28 | Research | Fortified Wall (upgrade) |
| 27:43 | Create | Spearman |
| 27:43 | Create | Spearman |
| 27:43 | Create | Spearman |
| 27:44 | Create | Spearman |
| 27:44 | Create | Spearman |
| 27:47 | Create | Villager (Male) ×5 |
| 27:48 | Create | Villager (Male) ×3 |
| 28:08 | Research | Imperial Age |
| 28:08 | Research | Imperial Age |
| 28:08 | Research | Imperial Age |
| 28:17 | Build | Farm |
| 28:20 | Build | Farm |
| 28:30 | Build | Mining Camp |
| 28:49 | Build | Mill |
| 28:50 | Build | Farm |
| 28:51 | Build | Farm |
| 28:51 | Build | Farm |
| 28:51 | Build | Farm |
| 28:52 | Build | Farm |
| 28:52 | Build | Farm |
| 28:53 | Build | Farm |
| 29:04 | Create | Spearman |
| 29:04 | Create | Spearman |
| 29:04 | Create | Spearman |
| 29:05 | Create | Spearman |
| 29:05 | Create | Spearman |
| 31:18 | Create | Spearman |
| 31:18 | Create | Spearman |
| 31:18 | Create | Spearman |
| 31:18 | Create | Spearman |
| 31:28 | Research | Stone Shaft Mining |
| 31:35 | Create | Villager (Male) ×5 |
| 31:36 | Create | Villager (Male) ×5 |
| 31:47 | Age | Imperial Age |
| 32:24 | Build | Siege Workshop |
| 32:27 | Research | Chemistry |
| 32:34 | Build | Barracks |
| 32:39 | Build | Archery Range |
| 32:40 | Build | Archery Range |
| 32:41 | Build | Archery Range |
| 32:42 | Build | Archery Range |
| 32:53 | Build | Barracks |
| 32:57 | Build | Barracks |
| 33:00 | Build | Barracks |
| 33:09 | Build | Farm |
| 33:09 | Build | Farm |
| 33:10 | Build | Farm |
| 33:13 | Build | Farm |
| 33:15 | Research | Crop Rotation |
| 33:18 | Research | Two-Man Saw |
| 33:21 | Create | Villager (Male) ×5 |
| 33:23 | Create | Villager (Male) ×5 |
| 33:32 | Build | Castle |
Build order — Lucius Cornelius Sulla
140 actions detected in the replay
| 0:14 | Build | House |
| 0:16 | Build | House |
| 0:22 | Create | Villager (Male) |
| 0:22 | Create | Villager (Male) |
| 0:22 | Create | Villager (Male) |
| 0:23 | Create | Villager (Male) |
| 0:23 | Create | Villager (Male) |
| 0:23 | Create | Villager (Male) |
| 2:04 | Create | Villager (Male) |
| 2:04 | Create | Villager (Male) |
| 2:04 | Create | Villager (Male) |
| 2:30 | Create | Villager (Male) |
| 2:31 | Create | Villager (Male) |
| 3:03 | Create | Villager (Male) |
| 3:03 | Create | Villager (Male) |
| 3:03 | Create | Villager (Male) |
| 3:37 | Create | Villager (Male) |
| 3:37 | Create | Villager (Male) |
| 3:37 | Create | Villager (Male) |
| 4:44 | Create | Villager (Male) |
| 4:44 | Create | Villager (Male) |
| 5:48 | Build | House |
| 5:54 | Create | Villager (Male) |
| 5:55 | Create | Villager (Male) |
| 5:55 | Create | Villager (Male) |
| 5:55 | Create | Villager (Male) |
| 5:55 | Create | Villager (Male) |
| 6:20 | Build | Lumber Camp |
| 7:24 | Build | Mill |
| 7:53 | Research | Loom |
| 9:35 | Create | Villager (Male) |
| 9:40 | Research | Feudal Age |
| 11:50 | Age | Feudal Age |
| 11:54 | Build | Blacksmith |
| 11:56 | Research | Wheelbarrow |
| 11:59 | Research | Horse Collar |
| 12:03 | Research | Double-Bit Axe |
| 12:43 | Build | Market |
| 14:09 | Build | House |
| 14:11 | Build | House |
| 14:12 | Build | House |
| 14:18 | Create | Villager (Male) ×5 |
| 14:18 | Create | Villager (Male) ×5 |
| 14:18 | Create | Villager (Male) ×5 |
| 14:19 | Create | Villager (Male) ×2 |
| 15:22 | Build | Mining Camp |
| 15:49 | Build | Mining Camp |
| 16:07 | Research | Gold Mining |
| 16:13 | Research | Stone Mining |
| 16:50 | Research | Padded Archer Armor |
| 17:18 | Research | Fletching |
| 17:56 | Create | Villager (Male) |
| 17:58 | Create | Villager (Male) |
| 19:06 | Build | Farm |
| 19:07 | Build | Farm |
| 19:08 | Build | Farm |
| 19:09 | Build | Farm |
| 19:10 | Build | Farm |
| 19:11 | Build | Farm |
| 19:12 | Build | Farm |
| 19:13 | Build | Farm |
| 19:15 | Build | Farm |
| 19:16 | Build | Farm |
| 19:18 | Build | Farm |
| 19:33 | Build | Barracks |
| 20:44 | Build | Archery Range |
| 22:19 | Build | Stable |
| 22:47 | Research | Castle Age |
| 24:09 | Research | Man-at-Arms (upgrade) |
| 24:18 | Research | Scale Mail Armor |
| 24:18 | Research | Forging |
| 25:27 | Age | Castle Age |
| 25:39 | Build | Monastery |
| 25:50 | Research | Hand Cart |
| 25:52 | Research | Heavy Plow |
| 26:43 | Create | Monk |
| 26:44 | Create | Monk |
| 26:44 | Create | Monk |
| 26:51 | Build | University |
| 26:54 | Research | Long Swordsman (upgrade) |
| 27:10 | Build | Castle |
| 27:59 | Research | Fortified Wall (upgrade) |
| 28:16 | Create | Militia |
| 28:16 | Create | Militia |
| 28:16 | Create | Militia |
| 28:16 | Create | Militia |
| 28:17 | Create | Militia |
| 28:17 | Create | Militia |
| 28:57 | Research | Iron Casting |
| 30:42 | Create | Organ Gun |
| 30:43 | Create | Organ Gun |
| 30:43 | Create | Organ Gun |
| 30:43 | Create | Organ Gun |
| 30:43 | Create | Organ Gun |
| 30:44 | Create | Organ Gun |
| 30:44 | Create | Organ Gun |
| 30:44 | Create | Organ Gun |
| 30:44 | Create | Organ Gun |
| 30:45 | Create | Organ Gun |
| 30:45 | Create | Organ Gun |
| 32:02 | Research | Leather Archer Armor |
| 32:03 | Research | Bodkin Arrow |
| 32:08 | Create | Villager (Male) ×5 |
| 32:08 | Create | Villager (Male) ×5 |
| 32:08 | Create | Villager (Male) ×5 |
| 32:08 | Create | Villager (Male) ×5 |
| 32:32 | Research | Gambesons |
| 33:09 | Build | Farm |
| 33:10 | Build | Farm |
| 33:12 | Build | Farm |
| 33:43 | Research | Chain Mail Armor |
| 34:37 | Build | Town Center |
| 37:11 | Create | Militia ×5 |
| 37:12 | Create | Militia ×5 |
| 37:12 | Create | Militia ×5 |
| 37:12 | Create | Militia ×5 |
| 37:12 | Create | Militia ×5 |
| 37:19 | Create | Archer ×5 |
| 37:19 | Create | Archer ×5 |
| 37:20 | Create | Archer ×5 |
| 37:20 | Create | Archer ×5 |
| 37:20 | Create | Archer ×5 |
| 37:20 | Create | Archer ×5 |
| 37:28 | Build | House |
| 37:29 | Build | House |
| 37:31 | Build | House |
| 37:32 | Build | House |
| 43:56 | Build | Town Center |
| 45:48 | Build | Stable |
| 46:06 | Create | Knight ×5 |
| 46:06 | Create | Knight ×5 |
| 46:07 | Create | Knight ×5 |
| 46:07 | Create | Knight ×4 |
| 46:13 | Build | House |
| 46:15 | Build | House |
| 46:18 | Build | House |
| 46:21 | Build | House |
| 47:14 | Build | House |
| 47:17 | Build | House |
| 47:19 | Build | House |
Build order — Gneisenau HK
First 150 of 293 actions detected
| 0:04 | Build | House |
| 0:05 | Build | House |
| 0:24 | Create | Villager (Male) |
| 0:24 | Create | Villager (Male) |
| 0:24 | Create | Villager (Male) |
| 0:25 | Create | Villager (Male) |
| 0:25 | Create | Villager (Male) |
| 1:39 | Create | Villager (Male) |
| 2:18 | Build | Lumber Camp |
| 2:30 | Create | Villager (Male) |
| 2:53 | Create | Villager (Male) |
| 2:54 | Create | Villager (Male) |
| 3:35 | Create | Villager (Male) |
| 3:44 | Build | House |
| 4:02 | Create | Villager (Male) |
| 4:44 | Create | Villager (Male) |
| 4:46 | Create | Villager (Male) |
| 5:42 | Create | Villager (Male) |
| 5:45 | Create | Villager (Male) |
| 6:11 | Build | Mill |
| 6:15 | Create | Villager (Male) |
| 6:15 | Create | Villager (Male) |
| 6:22 | Build | House |
| 7:22 | Build | Mill |
| 7:31 | Create | Villager (Male) |
| 7:36 | Create | Villager (Male) |
| 8:24 | Create | Villager (Male) |
| 8:58 | Research | Feudal Age |
| 9:57 | Build | House |
| 9:59 | Build | House |
| 10:00 | Build | House |
| 10:00 | Build | House |
| 10:17 | Build | Mining Camp |
| 10:35 | Build | Farm |
| 10:36 | Build | Farm |
| 10:41 | Build | Farm |
| 10:42 | Build | Farm |
| 10:44 | Build | Farm |
| 11:08 | Age | Feudal Age |
| 11:09 | Research | Double-Bit Axe |
| 11:09 | Research | Double-Bit Axe |
| 11:14 | Create | Villager (Male) |
| 11:16 | Create | Villager (Male) |
| 11:38 | Build | Market |
| 12:13 | Create | Villager (Male) |
| 12:19 | Build | Blacksmith |
| 12:51 | Create | Villager (Male) |
| 12:58 | Build | Farm |
| 12:59 | Build | Farm |
| 13:00 | Build | Farm |
| 13:05 | Build | Farm |
| 13:14 | Create | Villager (Male) |
| 13:25 | Build | Farm |
| 13:45 | Research | Castle Age |
| 14:19 | Research | Horse Collar |
| 15:20 | Create | Villager (Male) |
| 15:22 | Create | Villager (Male) |
| 15:26 | Build | Barracks |
| 16:25 | Age | Castle Age |
| 16:26 | Create | Villager (Male) |
| 16:27 | Create | Villager (Male) |
| 16:31 | Build | Town Center |
| 16:45 | Build | Stable |
| 17:10 | Research | Bow Saw |
| 17:26 | Create | Villager (Male) |
| 18:01 | Build | Mining Camp |
| 18:09 | Create | Villager (Male) |
| 18:27 | Create | Villager (Male) |
| 18:27 | Create | Villager (Male) |
| 18:28 | Create | Villager (Male) |
| 18:29 | Create | Villager (Male) |
| 18:38 | Build | Farm |
| 18:40 | Research | Heavy Plow |
| 18:45 | Create | Villager (Male) |
| 18:45 | Create | Villager (Male) |
| 18:56 | Research | Wheelbarrow |
| 19:00 | Research | Loom |
| 19:00 | Research | Town Watch |
| 19:03 | Create | Villager (Male) |
| 19:04 | Create | Villager (Male) |
| 19:05 | Create | Villager (Male) |
| 19:05 | Create | Villager (Male) |
| 19:23 | Build | Farm |
| 19:24 | Build | Farm |
| 19:25 | Build | Farm |
| 19:43 | Build | Farm |
| 19:53 | Create | Villager (Male) |
| 20:21 | Create | Villager (Male) |
| 20:24 | Create | Villager (Male) |
| 20:25 | Create | Villager (Male) |
| 20:25 | Create | Villager (Male) |
| 21:04 | Create | Villager (Male) |
| 21:14 | Build | Town Center |
| 21:27 | Create | Villager (Male) |
| 21:29 | Create | Villager (Male) |
| 21:29 | Create | Villager (Male) |
| 22:12 | Research | Hand Cart |
| 22:15 | Create | Villager (Male) |
| 22:15 | Create | Villager (Male) |
| 22:18 | Create | Villager (Male) |
| 22:27 | Build | Farm |
| 22:32 | Build | Farm |
| 22:47 | Create | Villager (Male) |
| 22:50 | Create | Villager (Male) |
| 23:11 | Build | Farm |
| 23:12 | Build | Farm |
| 23:13 | Build | Farm |
| 23:14 | Build | Farm |
| 23:37 | Build | House |
| 23:38 | Build | House |
| 23:40 | Build | House |
| 23:42 | Build | House |
| 24:01 | Build | Monastery |
| 24:06 | Create | Villager (Male) |
| 24:08 | Create | Villager (Male) |
| 24:10 | Create | Villager (Male) |
| 24:10 | Create | Villager (Male) |
| 24:11 | Create | Villager (Male) |
| 24:33 | Build | Farm |
| 24:34 | Build | Farm |
| 24:36 | Build | Farm |
| 24:37 | Build | Farm |
| 24:39 | Build | Farm |
| 24:41 | Build | Farm |
| 24:41 | Build | Farm |
| 24:42 | Build | Farm |
| 24:44 | Build | Mill |
| 24:48 | Create | Villager (Male) |
| 24:49 | Create | Villager (Male) |
| 24:50 | Create | Villager (Male) |
| 24:55 | Create | Monk |
| 25:09 | Build | University |
| 25:10 | Create | Monk |
| 25:10 | Create | Monk |
| 25:18 | Build | Farm |
| 25:20 | Build | Farm |
| 25:20 | Build | Farm |
| 25:34 | Build | Farm |
| 25:36 | Build | Farm |
| 25:47 | Research | Imperial Age |
| 25:49 | Create | Villager (Male) |
| 25:50 | Create | Villager (Male) |
| 26:03 | Research | Gold Mining |
| 26:10 | Create | Villager (Male) |
| 26:10 | Create | Villager (Male) |
| 26:10 | Create | Villager (Male) |
| 26:14 | Create | Villager (Male) |
| 26:18 | Create | Villager (Male) |
| 26:22 | Build | House |
| 26:23 | Build | House |
Build order — Hardd
First 150 of 191 actions detected
| 0:27 | Build | Lumber Camp |
| 1:17 | Create | Villager (Male) |
| 1:17 | Create | Villager (Male) |
| 2:24 | Create | Villager (Male) |
| 2:24 | Create | Villager (Male) |
| 2:24 | Create | Villager (Male) |
| 2:25 | Create | Villager (Male) |
| 2:48 | Create | Villager (Male) |
| 2:48 | Create | Villager (Male) |
| 4:02 | Create | Villager (Male) |
| 4:02 | Create | Villager (Male) |
| 4:53 | Build | Mill |
| 4:59 | Create | Villager (Male) |
| 5:00 | Create | Villager (Male) |
| 5:26 | Build | House |
| 5:34 | Build | House |
| 5:36 | Create | Villager (Male) |
| 5:57 | Build | Farm |
| 6:01 | Build | Farm |
| 6:10 | Create | Villager (Male) |
| 7:13 | Build | Farm |
| 7:39 | Create | Villager (Male) |
| 7:40 | Create | Villager (Male) |
| 7:42 | Create | Villager (Male) |
| 8:28 | Create | Villager (Male) |
| 10:00 | Build | Mining Camp |
| 10:52 | Research | Feudal Age |
| 13:02 | Age | Feudal Age |
| 13:05 | Research | Double-Bit Axe |
| 13:07 | Research | Horse Collar |
| 13:09 | Research | Gold Mining |
| 13:13 | Create | Villager (Male) |
| 13:13 | Create | Villager (Male) |
| 13:14 | Create | Villager (Male) |
| 13:14 | Create | Villager (Male) |
| 13:30 | Create | Villager (Male) |
| 13:50 | Build | Market |
| 13:57 | Create | Villager (Male) |
| 13:58 | Create | Villager (Male) |
| 14:12 | Build | House |
| 14:40 | Build | Farm |
| 14:48 | Build | Farm |
| 14:52 | Build | Farm |
| 14:59 | Build | Farm |
| 15:05 | Build | Farm |
| 15:11 | Build | Farm |
| 15:25 | Build | Mining Camp |
| 15:31 | Research | Stone Mining |
| 15:35 | Create | Trade Cart |
| 15:54 | Build | Farm |
| 16:07 | Build | House |
| 16:22 | Build | House |
| 16:52 | Create | Villager (Male) |
| 16:52 | Create | Villager (Male) |
| 16:52 | Create | Villager (Male) |
| 16:53 | Create | Villager (Male) |
| 16:53 | Create | Villager (Male) |
| 16:54 | Create | Villager (Male) |
| 17:55 | Build | Blacksmith |
| 18:02 | Build | Farm |
| 19:00 | Research | Castle Age |
| 19:15 | Build | Barracks |
| 19:51 | Research | Padded Archer Armor |
| 20:46 | Build | Stable |
| 21:21 | Research | Fletching |
| 21:40 | Age | Castle Age |
| 21:43 | Create | Villager (Male) |
| 21:43 | Create | Villager (Male) |
| 21:44 | Create | Villager (Male) |
| 22:00 | Build | Town Center |
| 22:14 | Create | Villager (Male) |
| 22:15 | Create | Villager (Male) |
| 22:17 | Create | Villager (Male) |
| 22:17 | Create | Villager (Male) |
| 22:22 | Research | Bow Saw |
| 22:32 | Research | Heavy Plow |
| 23:09 | Build | Farm |
| 23:21 | Research | Gold Shaft Mining |
| 23:47 | Build | Monastery |
| 24:04 | Build | Farm |
| 24:19 | Build | House |
| 24:21 | Build | House |
| 24:36 | Research | Stone Shaft Mining |
| 24:58 | Build | Castle |
| 25:18 | Create | Villager (Male) |
| 25:18 | Create | Villager (Male) |
| 25:18 | Create | Villager (Male) |
| 25:19 | Create | Villager (Male) |
| 25:20 | Create | Villager (Male) |
| 25:20 | Create | Villager (Male) |
| 25:20 | Create | Villager (Male) |
| 25:20 | Create | Villager (Male) |
| 25:20 | Create | Villager (Male) |
| 25:37 | Create | Villager (Male) |
| 25:38 | Create | Villager (Male) |
| 25:38 | Create | Villager (Male) |
| 25:52 | Build | Mining Camp |
| 26:00 | Build | Farm |
| 26:06 | Build | Farm |
| 26:08 | Create | Villager (Male) |
| 26:18 | Build | Farm |
| 26:23 | Build | Lumber Camp |
| 26:33 | Create | Monk |
| 26:34 | Create | Monk |
| 26:47 | Build | Farm |
| 26:50 | Create | Villager (Male) |
| 26:50 | Create | Villager (Male) |
| 26:51 | Create | Villager (Male) |
| 26:51 | Create | Villager (Male) |
| 27:14 | Build | Farm |
| 27:18 | Create | Villager (Male) |
| 27:18 | Create | Villager (Male) |
| 27:19 | Create | Villager (Male) |
| 27:19 | Create | Villager (Male) |
| 28:24 | Build | Farm |
| 28:53 | Build | Archery Range |
| 29:06 | Build | University |
| 29:28 | Build | Farm |
| 29:34 | Build | Farm |
| 29:42 | Research | Wheelbarrow |
| 29:43 | Create | Villager (Male) |
| 29:44 | Create | Villager (Male) |
| 29:44 | Create | Villager (Male) |
| 29:44 | Create | Villager (Male) |
| 29:46 | Create | Villager (Male) |
| 29:59 | Create | Villager (Male) |
| 29:59 | Create | Villager (Male) |
| 30:00 | Create | Villager (Male) |
| 30:00 | Create | Villager (Male) |
| 31:04 | Create | Chu Ko Nu |
| 31:05 | Create | Chu Ko Nu |
| 31:09 | Research | Leather Archer Armor |
| 31:09 | Research | Bodkin Arrow |
| 31:17 | Research | Fortified Wall (upgrade) |
| 31:20 | Research | Masonry |
| 31:35 | Build | Castle |
| 31:52 | Research | Ballistics |
| 32:35 | Build | Farm |
| 32:48 | Build | Lumber Camp |
| 33:13 | Build | Farm |
| 33:17 | Build | Farm |
| 33:43 | Build | Town Center |
| 33:56 | Build | Farm |
| 34:00 | Build | Farm |
| 34:02 | Research | Imperial Age |
| 34:06 | Create | Villager (Male) |
| 34:06 | Create | Villager (Male) |
| 34:31 | Research | Thumb Ring |
| 35:56 | Build | Siege Workshop |
| 36:09 | Build | Siege Workshop |
Build order — MCGooser
First 150 of 227 actions detected
| 0:13 | Build | House |
| 0:16 | Build | House |
| 0:29 | Create | Villager (Male) |
| 0:29 | Create | Villager (Male) |
| 0:29 | Create | Villager (Male) |
| 0:50 | Build | House |
| 0:52 | Build | House |
| 1:26 | Create | Villager (Male) |
| 1:56 | Build | House |
| 2:07 | Create | Villager (Male) |
| 2:41 | Create | Villager (Male) |
| 3:04 | Create | Villager (Male) |
| 3:22 | Create | Villager (Male) |
| 4:13 | Create | Villager (Male) |
| 4:13 | Create | Villager (Male) |
| 5:04 | Create | Villager (Male) |
| 5:36 | Create | Villager (Male) |
| 5:38 | Create | Villager (Male) |
| 6:52 | Create | Villager (Male) |
| 6:53 | Create | Villager (Male) |
| 7:25 | Build | Lumber Camp |
| 7:39 | Create | Villager (Male) |
| 7:56 | Create | Villager (Male) |
| 7:57 | Create | Villager (Male) |
| 8:05 | Build | Mill |
| 8:26 | Create | Villager (Male) |
| 8:27 | Create | Villager (Male) |
| 8:50 | Create | Villager (Male) |
| 9:12 | Build | Farm |
| 9:12 | Build | Farm |
| 9:23 | Create | Villager (Male) |
| 9:27 | Create | Villager (Male) |
| 9:28 | Research | Feudal Age |
| 10:03 | Build | Farm |
| 10:06 | Build | Farm |
| 10:51 | Build | House |
| 10:53 | Build | House |
| 10:54 | Build | House |
| 11:08 | Build | Mining Camp |
| 11:13 | Research | Loom |
| 11:14 | Create | Villager (Male) |
| 11:14 | Create | Villager (Male) |
| 11:14 | Create | Villager (Male) |
| 11:22 | Build | Farm |
| 11:22 | Build | Farm |
| 12:35 | Build | Palisade Wall |
| 13:01 | Create | Villager (Male) |
| 13:02 | Create | Villager (Male) |
| 13:12 | Age | Feudal Age |
| 13:38 | Create | Villager (Male) |
| 13:43 | Research | Double-Bit Axe |
| 13:46 | Research | Horse Collar |
| 13:51 | Build | Farm |
| 13:56 | Build | Farm |
| 14:02 | Build | Farm |
| 14:10 | Build | Farm |
| 14:22 | Build | Market |
| 14:26 | Build | Farm |
| 15:03 | Build | Farm |
| 15:37 | Build | Blacksmith |
| 15:50 | Create | Villager (Male) |
| 17:17 | Research | Castle Age |
| 17:26 | Build | Barracks |
| 17:34 | Research | Gold Mining |
| 17:37 | Research | Scale Barding Armor |
| 18:32 | Build | Stable |
| 18:33 | Build | Stable |
| 18:50 | Create | Villager (Male) |
| 18:51 | Create | Villager (Male) |
| 18:51 | Create | Villager (Male) |
| 18:52 | Create | Villager (Male) |
| 18:58 | Build | Mining Camp |
| 19:04 | Create | Spearman ×5 |
| 19:41 | Create | Villager (Male) |
| 19:57 | Age | Castle Age |
| 20:05 | Build | Farm |
| 20:13 | Build | Town Center |
| 20:16 | Create | Villager (Male) |
| 20:16 | Create | Villager (Male) |
| 20:36 | Build | Farm |
| 20:52 | Research | Pikeman (upgrade) |
| 20:56 | Create | Villager (Male) |
| 21:08 | Research | Heavy Plow |
| 21:09 | Research | Bow Saw |
| 21:15 | Build | House |
| 21:16 | Build | House |
| 21:18 | Build | House |
| 22:00 | Build | Farm |
| 22:00 | Build | Farm |
| 22:00 | Build | Farm |
| 22:00 | Build | Farm |
| 22:01 | Build | Farm |
| 22:01 | Build | Farm |
| 22:10 | Create | Villager (Male) |
| 22:12 | Create | Villager (Male) |
| 22:12 | Create | Villager (Male) |
| 22:13 | Create | Villager (Male) |
| 22:13 | Create | Villager (Male) |
| 22:44 | Research | Stone Mining |
| 22:52 | Create | Villager (Male) |
| 22:52 | Create | Villager (Male) |
| 23:13 | Build | Town Center |
| 23:19 | Create | Villager (Male) |
| 23:22 | Research | Stone Shaft Mining |
| 23:33 | Create | Knight |
| 24:05 | Build | Monastery |
| 24:18 | Create | Villager (Male) |
| 24:19 | Create | Villager (Male) |
| 24:19 | Create | Villager (Male) |
| 24:25 | Build | Farm |
| 24:41 | Build | Monastery |
| 24:52 | Create | Villager (Male) |
| 24:53 | Create | Villager (Male) |
| 24:53 | Create | Villager (Male) |
| 24:56 | Create | Monk |
| 24:57 | Create | Monk |
| 25:03 | Create | Villager (Male) |
| 25:27 | Build | Farm |
| 25:48 | Build | House |
| 25:50 | Build | House |
| 25:52 | Build | House |
| 25:54 | Build | House |
| 26:06 | Create | Knight ×5 |
| 26:08 | Create | Knight ×4 |
| 26:25 | Build | Castle |
| 27:41 | Create | Villager (Male) |
| 27:41 | Create | Villager (Male) |
| 27:42 | Create | Villager (Male) |
| 27:42 | Create | Villager (Male) |
| 27:44 | Create | Villager (Male) |
| 27:45 | Create | Villager (Male) |
| 27:46 | Create | Villager (Male) |
| 27:50 | Build | Farm |
| 27:50 | Build | Farm |
| 27:50 | Build | Farm |
| 27:50 | Build | Farm |
| 27:51 | Build | Farm |
| 27:51 | Build | Farm |
| 27:53 | Create | Villager (Male) |
| 27:53 | Create | Villager (Male) |
| 27:54 | Create | Villager (Male) |
| 27:54 | Create | Villager (Male) |
| 28:03 | Build | House |
| 28:06 | Build | House |
| 28:59 | Build | Castle |
| 29:04 | Create | Leitis ×5 |
| 29:10 | Build | House |
| 29:17 | Build | Palisade Gate |
| 29:28 | Create | Knight ×2 |
| 29:33 | Create | Villager (Male) |
Build order — BOOSTED
First 150 of 275 actions detected
| 0:30 | Create | Villager (Male) |
| 0:30 | Create | Villager (Male) |
| 0:31 | Create | Villager (Male) |
| 0:31 | Create | Villager (Male) |
| 0:31 | Create | Villager (Male) |
| 0:31 | Create | Villager (Male) |
| 0:31 | Create | Villager (Male) |
| 2:00 | Create | Villager (Male) |
| 2:00 | Create | Villager (Male) |
| 2:00 | Create | Villager (Male) |
| 2:18 | Create | Villager (Male) |
| 2:18 | Create | Villager (Male) |
| 2:42 | Create | Villager (Male) |
| 2:42 | Create | Villager (Male) |
| 3:39 | Build | Lumber Camp |
| 5:51 | Create | Villager (Male) |
| 5:51 | Create | Villager (Male) |
| 5:51 | Create | Villager (Male) |
| 5:52 | Create | Villager (Male) |
| 5:52 | Create | Villager (Male) |
| 5:52 | Create | Villager (Male) |
| 7:01 | Create | Villager (Male) |
| 7:02 | Create | Villager (Male) |
| 7:02 | Create | Villager (Male) |
| 7:12 | Create | Villager (Male) |
| 8:36 | Build | Mill |
| 9:25 | Create | Villager (Male) |
| 9:26 | Research | Feudal Age |
| 10:10 | Create | Villager (Male) |
| 10:10 | Create | Villager (Male) |
| 10:10 | Create | Villager (Male) |
| 10:11 | Create | Villager (Male) |
| 10:26 | Build | Barracks |
| 11:13 | Build | Mining Camp |
| 11:37 | Age | Feudal Age |
| 11:49 | Create | Villager (Male) |
| 11:49 | Create | Villager (Male) |
| 11:49 | Create | Villager (Male) |
| 12:18 | Research | Horse Collar |
| 12:51 | Build | Lumber Camp |
| 12:59 | Create | Villager (Male) |
| 13:00 | Create | Villager (Male) |
| 13:27 | Create | Villager (Male) |
| 13:28 | Create | Villager (Male) |
| 13:48 | Build | Farm |
| 13:49 | Build | Farm |
| 13:50 | Build | Farm |
| 13:54 | Build | Farm |
| 13:55 | Build | Farm |
| 13:56 | Build | Farm |
| 13:56 | Build | Farm |
| 14:10 | Create | Villager (Male) |
| 14:10 | Create | Villager (Male) |
| 14:10 | Create | Villager (Male) |
| 14:41 | Build | Farm |
| 14:51 | Build | Blacksmith |
| 15:18 | Build | Farm |
| 15:50 | Build | Market |
| 16:41 | Research | Castle Age |
| 16:41 | Research | Castle Age |
| 17:14 | Build | Farm |
| 17:14 | Build | Farm |
| 17:15 | Build | Farm |
| 17:15 | Build | Farm |
| 17:16 | Build | Farm |
| 18:02 | Research | Scale Barding Armor |
| 18:21 | Create | Villager (Male) |
| 18:22 | Create | Villager (Male) |
| 18:46 | Create | Trade Cart |
| 18:48 | Create | Trade Cart |
| 19:20 | Build | Stable |
| 19:21 | Build | Stable |
| 19:21 | Age | Castle Age |
| 19:23 | Build | Stable |
| 20:20 | Build | Mining Camp |
| 20:35 | Create | Villager (Male) |
| 20:35 | Create | Villager (Male) |
| 20:35 | Create | Villager (Male) |
| 20:36 | Create | Villager (Male) |
| 20:54 | Build | Town Center |
| 21:12 | Research | Bloodlines |
| 21:19 | Research | Husbandry |
| 22:02 | Create | Knight ×3 |
| 22:02 | Create | Knight ×3 |
| 22:37 | Build | Farm |
| 22:37 | Build | Farm |
| 22:38 | Build | Farm |
| 22:38 | Build | Farm |
| 22:38 | Build | Farm |
| 22:39 | Build | Farm |
| 22:39 | Build | Farm |
| 22:39 | Build | Farm |
| 22:40 | Build | Farm |
| 22:41 | Build | Farm |
| 22:41 | Build | Farm |
| 22:42 | Build | Farm |
| 22:43 | Build | Farm |
| 22:43 | Build | Farm |
| 22:43 | Build | Farm |
| 22:44 | Build | Farm |
| 22:44 | Build | Farm |
| 22:44 | Build | Farm |
| 22:45 | Build | Farm |
| 22:46 | Build | Farm |
| 22:47 | Build | Farm |
| 22:48 | Build | Farm |
| 22:48 | Build | Farm |
| 22:48 | Build | Farm |
| 22:48 | Build | Farm |
| 22:54 | Create | Villager (Male) ×4 |
| 22:55 | Create | Villager (Male) ×4 |
| 23:00 | Create | Villager (Male) |
| 23:00 | Create | Villager (Male) |
| 23:39 | Build | Monastery |
| 24:09 | Create | Knight ×3 |
| 24:09 | Create | Knight ×3 |
| 24:22 | Create | Villager (Male) |
| 24:22 | Create | Villager (Male) |
| 24:22 | Create | Villager (Male) |
| 24:22 | Create | Villager (Male) |
| 24:26 | Create | Villager (Male) |
| 24:26 | Create | Villager (Male) |
| 24:39 | Create | Monk |
| 25:08 | Build | Town Center |
| 25:28 | Create | Villager (Male) ×5 |
| 25:29 | Create | Villager (Male) ×5 |
| 25:29 | Create | Villager (Male) ×5 |
| 26:02 | Build | University |
| 26:49 | Create | Monk |
| 27:25 | Create | Villager (Male) |
| 27:25 | Create | Villager (Male) |
| 27:26 | Create | Villager (Male) |
| 27:26 | Create | Villager (Male) |
| 27:26 | Create | Villager (Male) |
| 27:26 | Create | Villager (Male) |
| 27:26 | Create | Villager (Male) |
| 27:27 | Create | Villager (Male) |
| 27:27 | Create | Villager (Male) |
| 27:27 | Create | Villager (Male) |
| 27:27 | Create | Villager (Male) |
| 27:28 | Create | Villager (Male) |
| 27:28 | Create | Villager (Male) |
| 28:17 | Create | Knight ×4 |
| 28:17 | Create | Knight ×5 |
| 28:17 | Create | Knight |
| 28:41 | Create | Villager (Male) |
| 28:42 | Create | Villager (Male) |
| 28:42 | Create | Villager (Male) |
| 28:42 | Create | Villager (Male) |
| 28:42 | Create | Villager (Male) |
Match timeline
| 10:26 | BOOSTED · first_building Barracks |
| 11:08 | Gneisenau HK · age_up feudal |
| 11:37 | BOOSTED · age_up feudal |
| 11:50 | Lucius Cornelius Sulla · age_up feudal |
| 12:33 | Starman · first_building Barracks |
| 12:35 | MCGooser · wall_segment Palisade Wall x1 |
| 12:38 | Starman · age_up feudal |
| 13:02 | Hardd · age_up feudal |
| 13:12 | MCGooser · age_up feudal |
| 15:26 | Gneisenau HK · first_building Barracks |
| 16:25 | Gneisenau HK · age_up castle |
| 16:45 | Gneisenau HK · first_building Stable |
| 16:58 | Starman · age_up castle |
| 17:26 | MCGooser · first_building Barracks |
| 18:32 | MCGooser · first_building Stable |
| 19:15 | Hardd · first_building Barracks |
| 19:20 | BOOSTED · first_building Stable |
| 19:21 | BOOSTED · age_up castle |
| 19:33 | Lucius Cornelius Sulla · first_building Barracks |
| 19:57 | MCGooser · age_up castle |
| 20:33 | Starman · first_building Castle |
| 20:44 | Lucius Cornelius Sulla · first_building Archery Range |
| 20:46 | Hardd · first_building Stable |
| 21:32 | Starman · first_market_sell 100 wood |
| 21:35 | Starman · first_market_buy 100 food |
| 21:40 | Hardd · age_up castle |
| 22:19 | Lucius Cornelius Sulla · first_building Stable |
| 22:43 | Starman · first_building Monastery |
| 23:39 | BOOSTED · first_building Monastery |
| 23:47 | Hardd · first_building Monastery |
| 24:01 | Gneisenau HK · first_building Monastery |
| 24:05 | MCGooser · first_building Monastery |
| 24:58 | Hardd · first_building Castle |
| 25:27 | Lucius Cornelius Sulla · age_up castle |
| 25:39 | Lucius Cornelius Sulla · first_building Monastery |
| 26:25 | MCGooser · first_building Castle |
| 27:10 | Lucius Cornelius Sulla · first_building Castle |
| 28:53 | Hardd · first_building Archery Range |
| 28:57 | Gneisenau HK · age_up imperial |
| 31:47 | Starman · age_up imperial |
| 32:24 | Starman · first_building Siege Workshop |
| 32:25 | Gneisenau HK · first_building Archery Range |
| 32:37 | BOOSTED · first_building Castle |
| 32:39 | Starman · first_building Archery Range |
| 33:20 | Gneisenau HK · first_building Castle |
| 35:37 | Hardd · first_market_buy 100 stone |
| 35:56 | Hardd · first_building Siege Workshop |
| 36:20 | MCGooser · age_up imperial |
| 37:12 | Hardd · age_up imperial |
| 42:26 | BOOSTED · first_market_sell 500 wood |
| 43:29 | BOOSTED · first_building Siege Workshop |
| 47:25 | BOOSTED · first_market_buy 100 stone |
| 47:42 | Hardd · resign |
[ AI ANALYSIS · 1 CREDIT ]
What really happened in this match?
Wolo.gg analyzes every decision: build order, eco, micro, common mistakes by bracket. Personalized analysis on WhatsApp or Discord in 30 seconds.
Civ guide
Byzantines
Map guide
Arena
Perfil
Jugador #18438310